 Dungeon Crawl Stone Soup version 0.21-a0-329-g12f17e1 (webtiles) character file.

117 vishdafish the Grave Robber (level 4, 0/32 HPs)
             Began as a Demonspawn Necromancer on Oct 1, 2017.
             Slain by a centaur (1 damage)
             ... on level 3 of the Dungeon.
             The game lasted 00:05:28 (2806 turns).

vishdafish the Grave Robber (DsNe)                  Turns: 2806, Time: 00:05:29

Health: 0/32       AC:  3    Str:  9    XL:     4   Next: 71%
Magic:  6/7        EV: 12    Int: 17    God:
Gold:   98         SH:  0    Dex: 13    Spells: 6/7 levels left

rFire    . . .     SeeInvis .   t - +0 short sword
rCold    . . .     Gourm    .   (no shield)
rNeg     . . .     Faith    .   a - +0 robe
rPois    +         Spirit   .   (no helmet)
rElec    .         Reflect  .   p - +0 cloak
rCorr    .         Harm     .   (no gloves)
MR       .....                  (no boots)
Stlth    ++........             (no amulet)
HPRegen  0.10/turn              r - ring of poison resistance
MPRegen  0.10/turn              (no ring)

@: no status effects
A: powered by death 1
a: no special abilities


You were on level 3 of the Dungeon.
You were hungry.

You visited 1 branch of the dungeon, and saw 3 of its levels.

You collected 98 gold pieces.

Inventory:

Hand Weapons
 l - a +0 dagger
 t - a +0 short sword (weapon)
 w - a +0 short sword
Armour
 a - a +0 robe (worn)
 p - a +0 cloak (worn)
Jewellery
 r - a ring of poison resistance (left hand)
Scrolls
 d - 4 scrolls of teleportation {unknown}
 e - a scroll of fog {unknown}
 f - a scroll of immolation {unknown}
 j - a scroll of enchant armour {unknown}
 o - a scroll of enchant weapon {unknown}
 q - 5 scrolls of remove curse {unknown}
 s - 2 scrolls of identify {unknown}
 u - 2 scrolls of recharging {unknown}
 v - a scroll of amnesia {unknown}
Potions
 h - a potion of ambrosia {unknown}
 k - a potion of flight
 m - a potion of brilliance {unknown}
 n - a potion of curing {unknown}
 z - a potion of might {unknown}
Books
 b - a book of Necromancy

   Spells                             Type                      Level
   a - Pain                           Necromancy                   1
   b - Animate Skeleton               Necromancy                   1
   c - Vampiric Draining              Necromancy                   3
   d - Regeneration                   Charms/Necromancy            3
   e - Animate Dead                   Necromancy                   4
   f - Control Undead                 Necromancy                   4
Comestibles
 c - 4 bread rations
 g - 3 meat rations
 x - a royal jelly


   Skills:
 * Level 1.0 Fighting
 * Level 2.2 Dodging
 - Level 1.8 Stealth
 - Level 2.0 Spellcasting
 - Level 6.3 Necromancy


You had 6 spell levels left.
You knew the following spells:

 Your Spells              Type           Power        Failure   Level  Hunger
a - Pain                  Necr           ###.         1%          1    #......


Dungeon Overview and Level Annotations

Branches:
Dungeon (3/15)

Altars:
Ru


Innate Abilities, Weirdness & Mutations

You regenerate a little health from kills.


Message History

Aiming: Pain
Press: ? - help, Shift-Dir - straight line, f/p - centaur
Aim: a centaur, wielding a shortbow (lightly wounded, chance to defeat MR: 83%)
Okay, then.
The centaur shoots an arrow.
The arrow hits you!
You see here an arrow.
The centaur shoots an arrow.
The arrow hits you!
* * * LOW HITPOINT WARNING * * *
You see here an arrow.
It was a potion of flight.
You feel very buoyant.
You fly up into the air.
The centaur unwields an uncursed shortbow.
The centaur hits you.
* * * LOW HITPOINT WARNING * * *
It was a potion of cancellation.
Your magical effects are unravelling.
You feel magically purged.
You float gracefully downwards.
The centaur hits you.
You die...

##.# #.......#.##.#.###########
#.###########.#.##.#............
#.....).....#.#.##.###########.#
#.#####.###.#.#.##.#...#......^#
#.# #.#.#.#.#....#.#.#.#######
#.# #.#.#.#.###......#)# ...
#.#...#......#.###.#
#######.############.....#
#.....#.......(@c.########
#.###.#.#####(###.#
#.#...#.#...#.# #
#.#####.###.#.# #...........#.#
#.###########.#####
#.#.........#.#)..#
#(#.#.#.###.#.#.#.# #.#.#)#.#
#.#.#.#


You could see a centaur.

Vanquished Creatures
  An orc priest (D:2)
  2 adders
  An ooze (D:2)
  3 worms
  2 dart slugs
  A leopard gecko (D:3)
  2 orcs (D:3)
  3 bats
  2 giant cockroaches
  4 goblins
  8 hobgoblins
  6 jackals (D:1)
  A quokka (D:3)
  2 ball pythons (D:2)
  3 frilled lizards
  A kobold (D:2)
  7 rats
49 creatures vanquished.

Notes
Turn   | Place    | Note
-------+----------+-------------------------------------------
     0 | D:1      | vishdafish the Demonspawn Necromancer began the quest for the Orb.
     0 | D:1      | Reached XP level 1. HP: 13/13 MP: 3/3
   562 | D:1      | Gained mutation: You regenerate a little health from kills. [demonic ancestry]
   562 | D:1      | Reached XP level 2. HP: 15/19 MP: 1/5
  1392 | D:1      | Reached skill level 5 in Necromancy
  1448 | D:2      | Reached XP level 3. HP: 16/24 MP: 0/6
  2039 | D:2      | Found a sacrificial altar of Ru.
  2102 | D:2      | Reached XP level 4. HP: 30/30 MP: 7/7
  2278 | D:2      | Reached skill level 6 in Necromancy
  2762 | D:3      | Reached skill level 1 in Fighting
  2801 | D:3      | Noticed a centaur
  2805 | D:3      | HP: 1/32 [centaur (3)]
  2806 | D:3      | Slain by a centaur

Vault maps used:
D:1:      evilmike_arrival_run_for_it, minmay_misc_feat_chi
D:2:      first_bread, minmay_misc_feat_iff, nicolae_ru_sacrificial_ziggurat
D:3:      mumra_celtic_spiral_tile

Skill      XL: |  1  2  3  4 |
---------------+-------------+-----
Dodging        | 2 |  2.2
Necromancy     | 5 6 |  6.3
Fighting       | 1 |  1.0
Stealth        | |  1.8
Spellcasting   | |  2.0

Action                   |  1- 3 |  4- 6 || total
-------------------------+-------+-------++-------
Melee: Unarmed           |    22 |       ||    22
       Dagger            |    23 |       ||    23
       Short sword       |    28 |    49 ||    77
 Cast: Pain              |    58 |     5 ||    63
  Use: Potion            |       |     2 ||     2
 Stab: Sleeping          |     6 |     2 ||     8
       Distracted        |       |     1 ||     1
  Eat: Chunk             |     5 |     1 ||     6
Armor: Robe              |    18 |     7 ||    25
Dodge: Dodged            |    61 |    33 ||    94

Table legend:
 A = Spawn XP
 B = Non-spawn XP
 C = Spawn XP percentage of total XP
 D = Spawn monster count
 E = Non-spawn monster count
 F = Spawn count percentage of total count
 G = Total turns spent on level
                    A         B        C        D         E        F      G
               +---------+---------+-------+---------+---------+-------+---------
         Total |       0 |     168 |   0.0 |       0 |      49 |   0.0 |  2806
               +---------+---------+-------+---------+---------+-------+---------
           D:1 |       0 |      38 |   0.0 |       0 |      13 |   0.0 |  1438
           D:2 |       0 |     103 |   0.0 |       0 |      24 |   0.0 |   914
           D:3 |       0 |      27 |   0.0 |       0 |      12 |   0.0 |   454
               +---------+---------+-------+---------+---------+-------+---------
